 Dungeon Crawl Stone Soup version 0.28-a0-863-g8cecda6153 (webtiles) character file.

Game seed: 18418899775683020509

1 ytrimaz the Skirmisher (level 1, 18/18 HPs)
             Began as a Demonspawn Abyssal Knight on Nov 17, 2021.
             Was an Initiate of Lugonu.
             Quit the game on level 1 of the Dungeon.
             The game lasted 00:00:30 (358 turns).

ytrimaz the Skirmisher (Demonspawn Abyssal Knight)   Turns: 358, Time: 00:00:31

Health: 18/18      AC:  3    Str: 13    XL:     1   Next: 16%
Magic:  2/2        EV: 11    Int: 11    God:    Lugonu [......]
Gold:   104        SH:  0    Dex: 13    Spells: 0/0 levels left

rFire   . . .      SeeInvis .   a - +1 falchion
rCold   . . .      Faith    .   (no shield)
rNeg    . . .      Spirit   .   b - +0 leather armour
rPois   .          Reflect  .   (no helmet)
rElec   .          Harm     .   (no cloak)
rCorr   .          Rampage  .   (no gloves)
Will    .....                   (no boots)
Stlth   +.........              (no amulet)
HPRegen 0.06/turn               (no ring)
MPRegen 0.08/turn               (no ring)

@: no status effects
A: no striking features
a: Renounce Religion


You were on level 1 of the Dungeon.
You worshipped Lugonu.
Lugonu was noncommittal.
You visited 1 branch of the dungeon, and saw 1 of its levels.
You visited the Abyss 1 time.

You collected 104 gold pieces.

Inventory:

Hand Weapons
 a - a +1 falchion (weapon)
Armour
 b - a +0 leather armour (worn)
Scrolls
 d - a scroll of identify
 e - a scroll of fog {unknown}
Potions
 c - a potion of magic


   Skills:
 + Level 3.1 Fighting
 + Level 1.7 Long Blades
 + Level 1.7 Armour
 + Level 0.8 Dodging
 + Level 2.4 Invocations


You couldn't memorise any spells.
You didn't know any spells.
Your spell library was empty.

Dungeon Overview and Level Annotations

Branches:
Dungeon (1/15)

Altars:


Message History

There is a gateway leading deeper into the Abyss here.
You plunge deeper into the Abyss.
Found 30 gold pieces.
You now have 48 gold pieces (gained 30).
Found 19 arrows.
You now have 66 gold pieces (gained 18).
d - a scroll labelled HUWYIZ OKHORAS You now have 92 gold pieces (gained 26).
A white imp comes into view.
An ancient zyme comes into view.
You feel yourself growing ill in the presence of the ancient zyme.
Unknown command.
You pass through the gate.
You can no longer depart the Abyss at will.
There is a staircase leading out of the dungeon here.
As you read the scroll labelled HUWYIZ OKHORAS, it crumbles to dust.
It is a scroll of identify.
c - a potion of magic Magic restored.
A ball python comes into view.
The ball python hisses angrily.
A ball python is nearby!
You barely miss the ball python.
The ball python bites you but does no damage.
The ball python grabs you. The ball python constricts you.
You hit the ball python.
You kill the ball python!
Lugonu accepts your kill.
HP restored.
Key pressed, stopping explore.
You now have 104 gold pieces (gained 12).
Found a flail.
d - a scroll of identify You see here a +0 flail.
e - a scroll labelled JIDORENGA A goblin comes into view.
It is wielding a +0 dagger.
Found a coppery potion.
The goblin shouts!
An endoplasm comes into view.
Are you sure you want to abandon this character and quit the game? (Confirm with "yes".)

## ### #.##########
#.### #.@........#
#....
#.########.####.###
#. #......# #!
######## #g .J ..
..


You could see an endoplasm and a goblin.

Vanquished Creatures
  A ball python (D:1)
1 creature vanquished.

Notes
Turn   | Place    | Note
-------+----------+-------------------------------------------
     0 | Abyss:1  | ytrimaz the Demonspawn Abyssal Knight began the quest for
                  | the Orb.
     0 | Abyss:1  | Reached XP level 1. HP: 18/18 MP: 2/2
    55 | Abyss:1  | Found a corrupted altar of Lugonu.
   192 | Abyss:1  | Noticed an iron imp
   207 | Abyss:1  | Noticed an efreet
   252 | Abyss:2  | Noticed an ancient zyme
   255 | D:1      | Escaped the Abyss
   358 | D:1      | Quit the game

Illustrated notes

Levels and vault maps discovered:
D:1:      dpeg_arrival_ternary, layout_basic, chequers_serial_rivers_micro_b

Action                   || total
-------------------------++-------
Melee: Falchion          ||     2
Invok: Depart the Abyss  ||     1
  Use: Scroll            ||     1
Armor: Leather armour    ||     1
Dodge: Dodged            ||     1

Table legend: (Time is in decaauts)
 A = Elapsed time spent in this place.
 B = Non-inter-level travel time spent in this place.
 C = Inter-level travel time spent in this place.
 D = Time resting spent in this place.
 E = Time spent auto-exploring this place.
 F = Levels seen in this place.
 G = Mean time per level.
                   A        B        C        D        E       F      G
               +--------+--------+--------+--------+--------+-----+--------+
         Total |    357 |    357 |      0 |      0 |    306 |   3 |  119.0 |
       Dungeon |    103 |    103 |      0 |      0 |     87 |   1 |  103.0 |
         Abyss |    254 |    254 |      0 |      0 |    219 |   2 |  127.0 |
               +--------+--------+--------+--------+--------+-----+--------+

Top non-repeatable levels by time:
 Abyss:1: 213 daAuts
     D:1: 103 daAuts
 Abyss:2: 41 daAuts
